 Dungeon Crawl Stone Soup version 0.26-a0-8-gc4d20be (webtiles) character file.

Game seed: 15495114541155683397, levelgen mode: deterministic

9389 Firecrotchwizard the Basher (level 11, -9/115 HPs)
             Began as a Troll Berserker on May 24, 2020.
             Was a High Priest of Trog.
             Mangled by Sonja
             ... wielding a +2 short sword of distortion
              (19 damage)
             ... on level 1 of the Lair of Beasts.
             The game lasted 00:19:41 (9597 turns).

Firecrotchwizard the Basher (Troll Berserker)       Turns: 9597, Time: 00:19:41

Health: -9/115     AC: 13    Str: 34    XL:     11   Next: 22%
Magic:  10/10      EV:  9    Int:  5    God:    Trog [*****.]
Gold:   685        SH:  0    Dex: 15    Spells: 10/10 levels left

rFire    x . .     SeeInvis .   D - +5 giant spiked club (flame)
rCold    + . .     Gourm    +   (shield currently unavailable)
rNeg     . . .     Faith    +   I - +0 ice dragon scales
rPois    +         Spirit   .   (helmet restricted)
rElec    +         Reflect  .   (no cloak)
rCorr    .         Harm     .   (gloves unavailable)
MR       ++...                  (boots unavailable)
Stlth    ..........             o - amulet of faith {Faith, !P}
HPRegen  1.69/turn              g - ring of poison resistance {rPois, !d}
MPRegen  0.12/turn              v - ring "Tourph" {+Inv rElec rC- Str+6 Dex+6}

@: regenerating
A: large, unfitting armour, claws 3, fast metabolism 3, gourmand, regeneration
1, shaggy fur 1, tough skin 3
a: Berserk, Trog's Hand, Brothers in Arms, Renounce Religion, Evoke Invisibility


You were on level 1 of the Lair of Beasts.
You worshipped Trog.
Trog was extremely pleased with you.
You were very full.

You visited 2 branches of the dungeon, and saw 11 of its levels.

You collected 751 gold pieces.
You spent 66 gold pieces at shops.

Inventory:

Hand Weapons
 a - a +0 mace
 w - a +0 flail
   (You took it off an orc on level 3 of the Dungeon)
 D - a +5 giant spiked club of flaming (weapon)
   (Trog gifted it to you on level 8 of the Dungeon)
 F - a +2 flail
   (You took it off a wight on level 9 of the Dungeon)
Missiles
 x - 14 boomerangs
 A - 3 curare-tipped darts
 E - a large rock (quivered) {!d}
Armour
 b - a +1 animal skin
 G - a +2 robe of resistance
   (You took it off Erica on level 8 of the Dungeon)
 I - +0 ice dragon scales (worn)
   (You found it on level 10 of the Dungeon)
Jewellery
 g - a ring of poison resistance (left claw) {rPois, !d}
   (You found it on level 1 of the Dungeon)
 o - an amulet of faith (around neck) {Faith, !P}
   (You found it on level 3 of the Dungeon)
 r - an uncursed amulet of guardian spirit {Spirit}
   (You found it on level 3 of the Dungeon)
 v - the ring "Tourph" (right claw) {+Inv rElec rC- Str+6 Dex+6}
   (You found it on level 7 of the Dungeon)

   [ring of strength]

   It affects your strength (+6).
   It affects your dexterity (+6).
   It makes you vulnerable to cold.
   It insulates you from electricity.
   It lets you turn invisible.
 y - an uncursed ring of protection from magic {MR+, !d}
   (You took it off a centaur on level 6 of the Dungeon)
 B - an uncursed amulet of regeneration {+regen, !d}
   (You found it on level 7 of the Dungeon)
 J - an uncursed ring of ice {rC+, rF-}
   (You took it off Fannar on level 10 of the Dungeon)
Wands
 j - a wand of polymorph (13)
   (You found it on level 5 of the Dungeon)
 l - a wand of enslavement (14)
   (You found it on level 2 of the Dungeon)
 C - a wand of acid (9)
   (You found it on level 9 of the Dungeon)
Scrolls
 d - 6 scrolls of identify
 i - 6 scrolls of teleportation
 s - 4 scrolls of remove curse
 L - a scroll of magic mapping {!r}
 N - a scroll of acquirement {unknown}
Potions
 e - 2 potions of curing
 f - a potion of invisibility {unknown}
 h - 3 potions of flight {unknown}
 k - a potion of cancellation {unknown}
 m - 6 potions of mutation {unknown}
 n - a potion of lignification {unknown}
 p - a potion of stabbing {unknown}
 q - 2 potions of magic {unknown}
 t - 2 potions of degeneration {unknown}
 u - 2 potions of haste {unknown}
 z - a potion of berserk rage {unknown}
 H - 3 potions of brilliance {unknown}
 M - a potion of heal wounds {unknown}
Comestibles
 c - 24 rations
 K - 2 chunks of flesh {@w0}


   Skills:
 + Level 9.0 Fighting
 * Level 13.1 Maces & Flails
 - Level 2.4 Dodging


You had 10 spell levels left.
You didn't know any spells.
Your spell library was empty.

Dungeon Overview and Level Annotations

Branches:
Dungeon (10/15)            Temple (0/1) D:5            Lair (1/6) D:8
    Orc (0/2) D:10

Altars:
Ashenzari
Cheibriados
Elyvilon
Gozag
Hepliaklqana
Kikubaaqudgha
Nemelex Xobeh
Sif Muna
Uskayaw

Shops:
D:10 *:[

Annotations:
D:6 1 runed translucent door, Crazy Yiuf
Lair:1 Sonja


Innate Abilities, Weirdness & Mutations

You are too large for most types of armour.
You have claws for hands.
Your metabolism is lightning-fast.
You like to eat raw meat.
Your natural rate of healing is unusually fast.
You are covered in fur. (AC +1)
You have extremely tough skin. (AC +3)


Message History

You kill the worker ant!
Trog accepts your kill.
You see here a worker ant corpse.
Eating a chunk of flesh {@w0}.
You eat the chunk of flesh {@w0}.
This raw flesh tastes great.
You butcher the worker ant corpse.
K - 3 chunks of flesh {@w0} A centaur warrior zombie comes into view.
The centaur warrior zombie hits you but does no damage.
You thump the centaur warrior zombie! You burn the centaur warrior zombie.
The centaur warrior zombie hits you but does no damage.
You impale the centaur warrior zombie!! You burn the centaur warrior zombie!
The centaur warrior zombie closely misses you.
The centaur warrior zombie hits you but does no damage.
You barely miss the centaur warrior zombie.
The centaur warrior zombie hits you but does no damage.
You barely miss the centaur warrior zombie.
The centaur warrior zombie barely misses you.
You hit the centaur warrior zombie. You burn the centaur warrior zombie.
The centaur warrior zombie hits you but does no damage. x2
You beat the centaur warrior zombie like a drum!!!
You burn the centaur warrior zombie!
You destroy the centaur warrior zombie!
Trog accepts your kill.
Your Fighting skill increases to level 9!
Health restored: 115 Done exploring.
Done exploring.
(D) Dungeon (T) Temple (L) Lair (O) Orcish Mines
Where to? (Enter - D:10, ? - help)
What level of the Lair of Beasts? (default 1, ? - help)
There is a stone staircase leading up here.
You climb upwards.
There is a stone staircase leading down here.
There is an open door here.
There is a stone staircase leading up here.
You climb upwards.
There is a stone staircase leading down here.
Eating one of 3 chunks of flesh {@w0}.
You eat one of the 3 chunks of flesh {@w0}.
This raw flesh tastes great.
There is a staircase to the Lair here.
You climb downwards.
Welcome to the Lair of Beasts!
You feel a wave of frost pass over you.
There is an entrance to an ice cave on this level.
Hurry and find it before the portal melts!
A water moccasin comes into view.
The water moccasin hisses angrily.
There is a staircase back to the Dungeon here.
You crush the water moccasin like a grape!!!!
You burn the water moccasin.
You kill the water moccasin!
Trog accepts your kill.
You see here a water moccasin corpse.
N - a scroll labeled WOBIXK IFODA A komodo dragon comes into view.
Throwing (i - inventory)
E - 3 large rocks (quivered)
{!d}
Aim: a komodo dragon You throw a large rock {!d}.
The large rock {!d} hits the komodo dragon!
You hear the faint crackling of a very distant melting archway.
You hear a shout!
Sonja, the Graceful Assassin comes into view.
She is wielding a +2 short sword of distortion, quivering 8 curare-tipped darts and carrying a wand of acid (8).
Throwing (i - inventory)
E - 2 large rocks (quivered)
{!d}
Aim: a komodo dragon (moderately wounded)
You throw a large rock {!d}.
The large rock {!d} barely misses the komodo dragon.
The komodo dragon closely misses you.
You hit the komodo dragon but do no damage.
The komodo dragon bites you! The komodo dragon bites you.
You take 19 damage, and have 96/115 hp.
You puncture the komodo dragon! You burn the komodo dragon.
Sonja mumbles some strange words.
Sonja blinks!
The komodo dragon bites you!!
Sonja throws a curare-tipped dart.
The curare-tipped dart hits you.
You take 18 damage, and have 78/115 hp.
Your skin crawls.
You feel resistant to hostile enchantments.
You feel quite a bit less full.
Sonja throws a curare-tipped dart.
The curare-tipped dart hits you. The komodo dragon bites you!!
You take 19 damage, and have 59/115 hp.
Your two-headed ogre goes berserk!
Sonja zaps a wand.
The bolt of acid misses you. The komodo dragon bites you!
You take 7 damage, and have 52/115 hp.
You hit the komodo dragon but do no damage.
Sonja zaps a wand.
The bolt of acid hits you!
You are splashed with acid!
* * * LOW HITPOINT WARNING * * *
Your two-headed ogre barely misses Sonja. x2
The komodo dragon bites you!!
* * * LOW HITPOINT WARNING * * *
You take 44 damage, and have 8/115 hp.
MASSIVE DAMAGE!!
Okay, then.
Okay, then.
Aim: Sonja, wielding a +2 short sword of distortion, quivering 6 curare-tipped darts and carrying a wand of acid (6) (chance to defeat MR: 54%) Sonja resists with significant effort.
Sonja barely misses you. Sonja hits you but does no damage.
Space warps horribly around you!!
You die...

#### ###
...#.#..#######.##
.....(.(..l@K..#.#
....########..#.## .
###O###.#### #..##
##.#.# .
##.#.###...#######.#
#...#.#............#
..###..###...#.#.###.##
#.....................#
.........#...P..##.##.#


You could see a komodo dragon, Sonja and a friendly two-headed ogre (summoned,
berserk).

Vanquished Creatures
  Fannar (D:10)
  Erica (D:8)
  Urug (D:10)
  Joseph (D:7)
  Grinder (D:5)
  2 hippogriffs
  Sigmund (D:4)
  A spriggan (D:8)
  6 yaks (D:10)
  A wraith (D:10)
  Menkaure (D:4)
  A water moccasin (Lair:1)
  An ice beast (D:9)
  6 porcupines (D:8)
  A sky beast (D:6)
  3 orc warriors
  4 black bears
  2 phantoms
  An eye of draining (D:8)
  An ogre (D:9)
  3 centaurs
  2 crocodiles (D:8)
  A big kobold (D:8)
  5 bullfrogs
  A gnoll sergeant (D:8)
  A water moccasin skeleton (D:9)
  5 scorpions
  5 wights (D:9)
  A jelly (D:10)
  2 bullfrog zombies
  4 crimson imps
  3 centaur zombies
  2 hounds
  4 orc priests
  6 orc wizards
  A centaur skeleton (D:5)
  Jessica (D:3)
  2 bullfrog skeletons (D:10)
  A gnoll shaman (D:6)
  4 iguanas
  12 worker ants
  A hound zombie (D:5)
  3 hound skeletons
  A howler monkey zombie (D:6)
  3 worker ant zombies
  7 gnolls (D:8)
  13 adders
  A shadow imp (D:8)
  2 adder skeletons (D:4)
  4 worms
  4 dart slugs
  2 leopard geckos
  26 orcs
  2 ball pythons
  6 bats
  5 giant cockroaches
  8 goblins
  9 hobgoblins
  27 jackals
  14 kobolds
  5 quokkas
  4 frilled lizards
  A jackal zombie (D:5)
  A leopard gecko skeleton (D:8)
  A leopard gecko zombie (D:6)
  5 rats
258 creatures vanquished.

Vanquished Creatures (others)
  4 fungi (D:8)
4 creatures vanquished.

Grand Total: 262 creatures vanquished

Notes
Turn   | Place    | Note
-------+----------+-------------------------------------------
     0 | D:1      | Firecrotchwizard the Troll Berserker began the quest for
                  | the Orb.
     0 | D:1      | Reached XP level 1. HP: 22/22 MP: 0/0
    82 | D:1      | Reached skill level 3 in Maces & Flails
    87 | D:1      | Reached XP level 2. HP: 22/29 MP: 1/1
   279 | D:1      | Reached ** piety under Trog
   311 | D:1      | Reached XP level 3. HP: 30/36 MP: 2/2
   332 | D:1      | You fall into a shaft and drop 1 floor!
   699 | D:2      | Reached skill level 3 in Fighting
   828 | D:2      | Found a white marble altar of Elyvilon.
   850 | D:2      | Found an ancient bone altar of Kikubaaqudgha.
   851 | D:2      | Found a sparkling altar of Nemelex Xobeh.
   852 | D:2      | Found a shattered altar of Ashenzari.
   853 | D:2      | Found a hide-covered altar of Uskayaw.
   891 | D:2      | Reached skill level 4 in Maces & Flails
   891 | D:2      | Reached XP level 4. HP: 38/45 MP: 3/3
  1330 | D:2      | Reached *** piety under Trog
  1571 | D:3      | Noticed Jessica
  1590 | D:3      | Killed Jessica
  1590 | D:3      | Reached XP level 5. HP: 31/53 MP: 4/4
  2061 | D:3      | Reached skill level 5 in Maces & Flails
  2202 | D:3      | Found a sparkling altar of Nemelex Xobeh.
  2473 | D:4      | Noticed Menkaure
  2485 | D:4      | Killed Menkaure
  2485 | D:4      | Reached skill level 4 in Fighting
  2485 | D:4      | Reached XP level 6. HP: 31/62 MP: 5/5
  2662 | D:4      | Reached **** piety under Trog
  2686 | D:4      | Found a snail-covered altar of Cheibriados.
  2769 | D:4      | Reached skill level 6 in Maces & Flails
  2876 | D:4      | Reached XP level 7. HP: 70/70 MP: 6/6
  2963 | D:4      | Found a shimmering blue altar of Sif Muna.
  2964 | D:4      | Found a hazy altar of Hepliaklqana.
  3096 | D:4      | Noticed Sigmund
  3108 | D:4      | Killed Sigmund
  3571 | D:5      | Entered Level 5 of the Dungeon
  3608 | D:5      | Reached skill level 7 in Maces & Flails
  3716 | D:5      | Noticed Grinder
  3834 | D:5      | Killed Grinder
  3834 | D:5      | Reached skill level 5 in Fighting
  3834 | D:5      | Reached XP level 8. HP: 76/80 MP: 7/7
  4102 | D:5      | Found a staircase to the Ecumenical Temple.
  4382 | D:5      | Reached skill level 8 in Maces & Flails
  4419 | D:5      | Found an opulent altar of Gozag.
  5154 | D:6      | Found a runed translucent door.
  5155 | D:6      | Noticed Crazy Yiuf
  5401 | D:6      | Reached skill level 6 in Fighting
  5401 | D:6      | Reached skill level 9 in Maces & Flails
  5735 | D:7      | Noticed Joseph
  5756 | D:7      | Killed Joseph
  5756 | D:7      | Reached XP level 9. HP: 89/89 MP: 8/8
  5958 | D:7      | Got a coiled silver ring
  5959 | D:7      | Identified the ring "Tourph" {+Inv rElec rC- Str+6 Dex+6}
                  | (You found it on level 7 of the Dungeon)
  6293 | D:8      | Reached skill level 10 in Maces & Flails
  6348 | D:8      | Found a staircase to the Lair.
  6352 | D:8      | Reached ***** piety under Trog
  6360 | D:8      | Reached skill level 7 in Fighting
  6514 | D:8      | HP: 18/93 [orc priest/divine providence (17)]
  6519 | D:8      | HP: 13/93 [hippogriff (9)]
  6528 | D:8      | HP: 23/93 [hippogriff (3)]
  6530 | D:8      | Received a gift from Trog
  6644 | D:8      | Reached skill level 11 in Maces & Flails
  6809 | D:8      | Reached XP level 10. HP: 102/102 MP: 9/9
  6981 | D:8      | Noticed Erica
  6992 | D:8      | Killed Erica
  7589 | D:9      | Reached skill level 8 in Fighting
  8080 | D:10     | Entered Level 10 of the Dungeon
  8080 | D:10     | Found Orael's General Store.
  8087 | D:10     | Bought a potion of curing for 39 gold pieces
  8087 | D:10     | Bought 3 large rocks for 27 gold pieces
  8121 | D:10     | Found Hagel's Antique Armour Shoppe.
  8204 | D:10     | Reached skill level 12 in Maces & Flails
  8680 | D:10     | Noticed Fannar
  8755 | D:10     | Killed Fannar
  8755 | D:10     | Reached XP level 11. HP: 106/113 MP: 10/10
  8826 | D:10     | Noticed Urug
  8876 | D:10     | Killed Urug
  9034 | D:10     | Found a staircase to the Orcish Mines.
  9039 | D:10     | Found Ilizigin's Book Shoppe.
  9386 | D:10     | Reached skill level 13 in Maces & Flails
  9447 | D:10     | Reached skill level 9 in Fighting
  9539 | Lair:1   | Entered Level 1 of the Lair of Beasts
  9588 | Lair:1   | Noticed Sonja
  9596 | Lair:1   | HP: 27/115 [acid (10)]
  9596 | Lair:1   | HP: 8/115 [komodo dragon (19)]
  9597 | Lair:1   | Mangled by Sonja

Illustrated notes

Levels and vault maps discovered:
D:1:      kennysheep_arrival_forest, layout_basic
D:2:      layout_basic, minitemple
D:3:      layout_basic, nemelex_lonely_heart_becter, uniq_jessica
D:4:      black_bear_nest_1, layout_loops_cross,
          gammafunk_temple_overflow_statue, kennysheep_mini_moat, first_ration,
          uniq_menkaure, uniq_sigmund
D:5:      layout_rooms, kennysheep_mini, temple_fountains, interstate_on_off,
          minmay_crystal_room, minmay_parallelograms, uniq_grinder
D:6:      minmay_octagon_keep, layout_basic, minmay_misc_feat_cross,
          uniq_crazy_yiuf_cottage
D:7:      layout_loops_ring, uniq_joseph
D:8:      layout_basic, due_lair_maze_entry_diamond, the_bakery,
          chequers_serial_rivers_micro_e, uniq_erica
D:9:      layout_roguey
D:10:     layout_basic, orc_0_dummy, serial_shops, shop, shop, shop,
          nrook_mini_backslash, uniq_urug, uniq_fannar
Lair:1:   layout_loops_ring, portal_ice_cave_entry_pillars_1,
          beast_lair_carwin_9, uniq_nergalle, uniq_sonja

Skill      XL: |  1  2  3  4  5  6  7  8  9 10 11 |
---------------+----------------------------------+-----
Maces & Flails | 3 4 5 6 7 9 11 12 13 | 13.1
Fighting       | 3 4 5 6 7 8 9 |  9.0
Dodging        | |  2.4

Action                   |  1- 3 |  4- 6 |  7- 9 | 10-12 || total
-------------------------+-------+-------+-------+-------++-------
Melee: Mace              |   141 |   252 |    32 |       ||   425
       Flail             |       |       |   397 |   200 ||   597
       Giant spiked club |       |       |     6 |   106 ||   112
Throw: Large rock        |       |       |       |     6 ||     6
Invok: Trog's Hand       |       |     2 |     2 |     3 ||     7
       Berserk           |       |     1 |     5 |     3 ||     9
       Brothers in Arms  |       |       |       |     2 ||     2
Evoke: Wand              |       |       |       |     1 ||     1
  Use: Scroll            |       |       |    11 |     4 ||    15
       Potion            |       |       |     5 |       ||     5
 Stab: Sleeping          |     1 |     1 |     1 |       ||     3
  Eat: Chunk             |    14 |    21 |    42 |    30 ||   107
Armor: Animal skin       |   130 |    85 |   177 |     4 ||   396
       Ice dragon scales |       |       |       |    90 ||    90
       Robe              |       |       |       |    20 ||    20
Dodge: Dodged            |   147 |   133 |   245 |   110 ||   635

Table legend:
 A = Non-vault XP
 B = Vault XP
 C = Vault XP percentage of total XP
 D = Non-vault monster count
 E = Vault monster count
 F = Vault count percentage of total count
                 A         B        C        D         E       F
            +---------+---------+-------+---------+---------+-------
      Total |    7425 |    5988 |  44.6 |     230 |      28 |  10.9
            +---------+---------+-------+---------+---------+-------
        D:1 |      49 |       0 |   0.0 |      30 |       0 |   0.0
        D:2 |     124 |       0 |   0.0 |      30 |       0 |   0.0
        D:3 |     151 |      37 |  19.7 |      27 |       1 |   3.6
        D:4 |     221 |     520 |  70.2 |      13 |       3 |  18.8
        D:5 |     412 |     272 |  39.8 |      25 |       1 |   3.8
        D:6 |     444 |     272 |  38.0 |      17 |       7 |  29.2
        D:7 |     155 |     471 |  75.2 |       4 |       1 |  20.0
        D:8 |    1640 |    2541 |  60.8 |      34 |      13 |  27.7
        D:9 |     917 |       0 |   0.0 |      18 |       0 |   0.0
       D:10 |    3167 |    1875 |  37.2 |      31 |       2 |   6.1
     Lair:1 |     145 |       0 |   0.0 |       1 |       0 |   0.0
            +---------+---------+-------+---------+---------+-------

Levels and vault maps discovered:
D:1:      kennysheep_arrival_forest, layout_basic
D:2:      layout_basic, minitemple
D:3:      layout_basic, nemelex_lonely_heart_becter, uniq_jessica
D:4:      black_bear_nest_1, layout_loops_cross,
          gammafunk_temple_overflow_statue, kennysheep_mini_moat, first_ration,
          uniq_menkaure, uniq_sigmund
D:5:      layout_rooms, kennysheep_mini, temple_fountains, interstate_on_off,
          minmay_crystal_room, minmay_parallelograms, uniq_grinder
D:6:      minmay_octagon_keep, layout_basic, minmay_misc_feat_cross,
          uniq_crazy_yiuf_cottage
D:7:      layout_loops_ring, uniq_joseph
D:8:      layout_basic, due_lair_maze_entry_diamond, the_bakery,
          chequers_serial_rivers_micro_e, uniq_erica
D:9:      layout_roguey
D:10:     layout_basic, orc_0_dummy, serial_shops, shop, shop, shop,
          nrook_mini_backslash, uniq_urug, uniq_fannar
Lair:1:   layout_loops_ring, portal_ice_cave_entry_pillars_1,
          beast_lair_carwin_9, uniq_nergalle, uniq_sonja

Table legend:
 A = Turns spent in this place as a percentage of turns spent in the entire game.
 B = Non-inter-level travel turns spent in this place as a percentage of non-inter-level travel turns spent in the entire game.
 C = Inter-level travel turns spent in this place as a percentage of turns spent in this place.
 D = Turns resting spent in this place as a percentage of non-inter-level travel turns spent in this place.
 E = Turns spent auto-exploring this place as a percentage of non-inter-level travel turns spent in this place.
 F = Non-inter-level travel turns spent in this place divided by the number of levels of this place that you've seen.
                   A       B       C       D       E      F
               +-------+-------+-------+-------+-------+----------------------
         Total | 100.0 | 100.0 |   3.7 |  14.4 |  62.4 | 839.9
       Dungeon |  99.4 |  99.4 |   3.8 |  14.5 |  62.4 | 918.1
          Lair |   0.6 |   0.6 |   0.0 |   0.0 |  60.3 |  58.0
               +-------+-------+-------+-------+-------+----------------------

Table legend:
 A = Kills in this place as a percentage of kills in entire the game.
 B = Kills by you in this place as a percentage of kills by you in the entire game.
 C = Kills by friends in this place as a percentage of kills by friends in the entire game.
 D = Other kills in this place as a percentage of other kills in the entire game.
 E = Experience gained in this place as a percentage of experience gained in the entire game.
 F = Experience gained in this place divided by the number of levels of this place that you have seen.
                   A       B       C       D       E      F
               +-------+-------+-------+-------+-------+----------------------
         Total | 100.0 | 100.0 |   N/A |   N/A | 100.0 | 1219.4
       Dungeon |  99.6 |  99.6 |   N/A |   N/A |  98.9 | 1326.8
          Lair |   0.4 |   0.4 |   N/A |   N/A |   1.1 | 145.0
               +-------+-------+-------+-------+-------+----------------------
